[Event "ITA-ch U20 2019"]
[Site "Padova"]
[Date "2019.11.29"]
[Round "2"]
[White "Seresin, Francesco"]
[Black "Palozza, Christian"]
[Result "1/2-1/2"]
[ECO "A05"]
[WhiteElo "2367"]
[BlackElo "2187"]
[Annotator "ChessBase"]
[PlyCount "105"]
[EventDate "2019.11.28"]
[EventType "tourn"]
[EventCountry "ITA"]
[SourceTitle "playchess.com"]
[Source "ChessBase"]
[SourceQuality "1"]
[TimeControl "40/6600+30:20/3000+30:900+30"]

1. Nf3 Nf6 2. c4 e6 3. Nc3 d5 4. e3 dxc4 5. Bxc4 a6 6. b3 c5 7. Bb2 Nc6 8. Be2 Be7 9. Rc1 b5 10. O-O Bb7 11. a4 b4 12. Nb1 O-O 13. d3 Qb6 14. Nbd2 Na5 15. Ne5 Rac8 16. Qc2 Rfd8 17. Rfd1 Nd7 18. Bf3 Nxe5 19. Bxe5 Bxf3 20. Nxf3 Qb7 21. e4 Bd6 22. Bb2 Bf4 23. Rb1 Bd6 24. g3 Rf8 25. Nd2 Rfd8 26. Nc4 Nxc4 27. Qxc4 Bf8 28. Rbc1 Rd6 29. Be5 Rdd8 30. Qc2 Be7 31. Qe2 Rd7 32. Bf4 Bf6 33. Rc4 Bd4 34. h4 Qb6 35. Kg2 Rcd8 36. h5 h6 37. Qf3 e5 38. Bc1 Rd6 39. Qe2 Kh7 40. Rf1 Bc3 41. Be3 Bd4 42. Bc1 Bc3 43. Rd1 Bd4 44. Qg4 Rf6 45. f4 exf4 46. Bxf4 Qe6 47. Kh3 g6 48. Qxe6 fxe6 49. Bc7 Rc8 50. Ba5 Rb8 51. Bc7 Rc8 52. Ba5 Rb8 53. Bc7 1/2-1/2

[Event "ITA-ch U20 2019"]
[Site "Padova"]
[Date "2019.11.29"]
[Round "2"]
[White "Carnicelli, Valerio"]
[Black "Lumachi, Gabriele"]
[Result "1/2-1/2"]
[ECO "C45"]
[WhiteElo "2303"]
[BlackElo "2224"]
[Annotator "ChessBase"]
[PlyCount "87"]
[EventDate "2019.11.28"]
[EventType "tourn"]
[EventCountry "ITA"]
[SourceTitle "playchess.com"]
[Source "ChessBase"]
[SourceQuality "1"]
[TimeControl "40/6600+30:20/3000+30:900+30"]

1. e4 e5 2. Nf3 Nc6 3. d4 exd4 4. Nxd4 Bc5 5. Nb3 Bb6 6. Nc3 Nge7 7. Qe2 O-O 8. Be3 f5 9. O-O-O fxe4 10. Bxb6 axb6 11. Qxe4 d6 12. Bd3 Bf5 13. Qc4+ Kh8 14. Qh4 Ne5 15. Bxf5 Nxf5 16. Qxd8 Raxd8 17. Rhe1 c6 18. Nd4 Nxd4 19. Rxd4 Rde8 20. Re2 d5 21. Rd1 Ng4 22. Rxe8 Rxe8 23. f3 Nh6 24. b3 Nf5 25. Na4 b5 26. Nc5 b6 27. Nd7 Re2 28. Rd2 Re1+ 29. Rd1 Re2 30. Rd2 Re1+ 31. Kb2 b4 32. Nxb6 Ne3 33. c4 Nf1 34. Rd3 Re2+ 35. Kb1 Re1+ 36. Kc2 Re2+ 37. Kd1 Rxa2 38. Ke1 Nxh2 39. cxd5 cxd5 40. Nxd5 g5 41. Ne3 Rb2 42. Nf5 h5 43. Ne3 h4 44. Kd1 1/2-1/2

[Event "ITA-ch U20 2019"]
[Site "Padova"]
[Date "2019.11.29"]
[Round "2"]
[White "Bin-Suhayl, Ieysaa"]
[Black "Loiacono, Leonardo"]
[Result "0-1"]
[ECO "A13"]
[WhiteElo "2187"]
[BlackElo "2297"]
[Annotator "NA"]
[PlyCount "58"]
[EventDate "2019.11.28"]
[EventType "tourn"]
[EventCountry "ITA"]
[SourceTitle "playchess.com"]
[Source "ChessBase"]
[SourceQuality "1"]
[TimeControl "40/6600+30:20/3000+30:900+30"]

1. Nf3 d5 2. c4 e6 3. g3 Nf6 4. Bg2 d4 5. e3 c5 6. b4 dxe3 7. fxe3 cxb4 8. d4 Be7 9. O-O O-O 10. a3 Nc6 11. axb4 Bxb4 12. Ba3 $11 Bxa3 13. Nxa3 Rb8 14. Qc2 h6 15. Rfd1 Qe7 16. c5 Bd7 17. Nc4 b6 18. Nfe5 Nd5 19. cxb6 axb6 20. Nxc6 Bxc6 21. e4 Nf6 22. Rab1 b5 23. Na5 Ba8 24. e5 Nd5 25. Nc6 Bxc6 26. Qxc6 Rfc8 27. Qa6 Nc3 28. d5 exd5 29. Bxd5 Nxb1 0-1

[Event "ITA-ch U20 2019"]
[Site "Padova"]
[Date "2019.11.29"]
[Round "2"]
[White "Simonetto, Andrea"]
[Black "Loiacono, Antonio"]
[Result "1/2-1/2"]
[ECO "A06"]
[WhiteElo "2185"]
[BlackElo "2289"]
[Annotator "NA"]
[PlyCount "74"]
[EventDate "2019.11.28"]
[EventType "tourn"]
[EventCountry "ITA"]
[SourceTitle "playchess.com"]
[Source "ChessBase"]
[SourceQuality "1"]
[TimeControl "40/6600+30:20/3000+30:900+30"]

1. Nf3 d5 2. e3 Nf6 3. c4 c6 4. Nc3 e6 5. b3 Nbd7 6. Bb2 b6 7. Qc2 Bb7 8. d4 Bd6 9. Bd3 O-O 10. O-O Qe7 11. Ne2 e5 12. dxe5 Nxe5 13. Nxe5 Bxe5 14. Bxe5 Qxe5 15. cxd5 Qxd5 16. Rad1 Qe5 17. Rd2 c5 18. Rfd1 h5 19. h3 h4 20. Bf5 g6 21. Bxg6 Qg5 22. Nf4 fxg6 23. Qxg6+ Qxg6 24. Nxg6 Rf7 25. f3 b5 26. Nxh4 c4 27. bxc4 bxc4 28. Nf5 Rc7 29. Rd6 Nd5 30. e4 Nc3 31. Rd7 Rxd7 32. Rxd7 Ba6 33. Ne3 Nxa2 34. Nd5 Bb5 35. Nf6+ Kf8 36. Nh7+ Kg8 37. Nf6+ Kf8 1/2-1/2

[Event "ITA-ch U20 2019"]
[Site "Padova"]
[Date "2019.11.30"]
[Round "3"]
[White "Loiacono, Antonio"]
[Black "Seresin, Francesco"]
[Result "1-0"]
[ECO "B40"]
[WhiteElo "2289"]
[BlackElo "2367"]
[Annotator "NA"]
[PlyCount "31"]
[EventDate "2019.11.28"]
[EventType "tourn"]
[EventCountry "ITA"]
[SourceTitle "playchess.com"]
[Source "ChessBase"]
[SourceQuality "1"]
[TimeControl "40/6600+30:20/3000+30:900+30"]

1. e4 c5 2. Nf3 e6 3. c4 Nc6 4. Nc3 a6 5. d4 cxd4 6. Nxd4 Bb4 7. Nxc6 bxc6 8. Qd4 Qf6 9. e5 Qe7 10. Be3 f6 11. c5 a5 12. a3 fxe5 13. Qxe5 Bxc3+ 14. bxc3 Nf6 15. c4 Ng4 16. Qh5+ 1-0

[Event "ITA-ch U20 2019"]
[Site "Padova"]
[Date "2019.11.30"]
[Round "3"]
[White "Lumachi, Gabriele"]
[Black "Bin-Suhayl, Ieysaa"]
[Result "1-0"]
[ECO "A35"]
[WhiteElo "2224"]
[BlackElo "2187"]
[Annotator "RC"]
[PlyCount "147"]
[EventDate "2019.11.28"]
[EventType "tourn"]
[EventCountry "ITA"]
[SourceTitle "playchess.com"]
[Source "ChessBase"]
[SourceQuality "1"]
[TimeControl "40/6600+30:20/3000+30:900+30"]

1. Nf3 Nf6 2. c4 c5 3. Nc3 Nc6 4. e3 g6 5. d4 cxd4 6. exd4 d5 7. cxd5 Nxd5 8. Qb3 e6 9. Bb5 Bg7 10. O-O O-O 11. Bxc6 bxc6 12. Na4 Nb6 13. Nc5 Qd5 14. Bf4 Qxb3 15. axb3 Nd5 16. Be5 f6 17. Bg3 Bh6 18. Rfe1 Kf7 19. Ra4 Bf4 20. Rea1 Bxg3 21. hxg3 a6 22. Nd2 Nb6 23. Rb4 Nd5 24. Rba4 Nb6 25. Rb4 Nd5 26. Rc4 Nb6 27. Rcc1 Rd8 28. Nc4 Nxc4 29. Rxc4 Rb8 30. b4 e5 31. dxe5 fxe5 32. Ne4 Rd4 33. Rxd4 exd4 34. Rd1 Rxb4 35. Nd6+ Ke6 36. Nxc8 Kd7 37. Na7 c5 38. Rc1 Rb7 39. Rxc5 Rxa7 40. Rd5+ Ke6 41. Rxd4 Rb7 42. Re4+ Kf7 43. Re2 Rb3 44. f3 a5 45. Rc2 a4 46. Kh2 h5 47. Rc4 Rxb2 48. Rxa4 Rb6 49. g4 hxg4 50. Rf4+ Kg7 51. Rxg4 Rb5 52. Ra4 Kf6 53. Ra7 Rh5+ 54. Kg3 Rb5 55. Rh7 Rb2 56. Kh3 Rb1 57. Rc7 Rb4 58. Kg3 Ra4 59. Rb7 Rc4 60. Kh3 Ra4 61. g4 Ra3 62. Kg3 Ra4 63. f4 Rc4 64. g5+ Kf5 65. Rf7+ Ke4 66. Rf6 Rc1 67. Re6+ Kd5 68. Rxg6 Rg1+ 69. Kf3 Rf1+ 70. Kg4 Ke4 71. Re6+ Kd5 72. Re8 Kd6 73. Kf5 Kd7 74. Re5 1-0

[Event "ITA-ch U20 2019"]
[Site "Padova"]
[Date "2019.12.01"]
[Round "4"]
[White "Seresin, Francesco"]
[Black "Loiacono, Leonardo"]
[Result "1-0"]
[ECO "B13"]
[WhiteElo "2367"]
[BlackElo "2297"]
[Annotator "ChessBase"]
[PlyCount "149"]
[EventDate "2019.11.28"]
[EventType "tourn"]
[EventCountry "ITA"]
[SourceTitle "playchess.com"]
[Source "ChessBase"]
[SourceQuality "1"]
[TimeControl "40/6600+30:20/3000+30:900+30"]

1. c4 c6 2. e4 d5 3. exd5 cxd5 4. d4 Nf6 5. Nc3 dxc4 6. Bxc4 e6 7. Nf3 Be7 8. O-O Nc6 9. Re1 O-O 10. a3 a6 11. Ba2 b5 12. Bg5 Bb7 13. Bb1 g6 14. Bh6 Re8 15. Ne4 Nxe4 16. Bxe4 Na5 17. Bxb7 Nxb7 18. Rc1 Nd6 19. Ne5 Bf6 20. Nc6 Qd7 21. Bf4 Nc4 22. Ne5 Bxe5 23. Bxe5 Nxe5 24. dxe5 Red8 25. Qxd7 Rxd7 26. Rc2 Rad8 27. Kf1 Rd2 28. Re2 Rd1+ 29. Re1 R1d5 30. f4 a5 31. Ke2 b4 32. axb4 axb4 33. Kf3 Rd2 34. Rxd2 Rxd2 35. Re2 Rd3+ 36. Re3 Rd2 37. Rb3 g5 38. fxg5 Rd4 39. g3 Kg7 40. Ke3 Rc4 41. h3 Kg6 42. Kd3 Rc5 43. Rxb4 Rxe5 44. h4 Re1 45. Rf4 e5 46. Rf6+ Kg7 47. b4 e4+ 48. Kc2 Re2+ 49. Kc3 Re3+ 50. Kc4 Rxg3 51. Rf4 e3 52. Kd3 Kg6 53. Ke2 Rh3 54. b5 Rh2+ 55. Kxe3 Rb2 56. Rf6+ Kg7 57. b6 Rb4 58. Rh6 f6 59. Rxf6 Rxh4 60. Rf4 Rh3+ 61. Kd4 Kg6 62. Rg4 Kf5 63. Rg1 Rb3 64. Kc5 Ke6 65. Kc6 Rc3+ 66. Kb7 Rb3 67. Kc7 Rc3+ 68. Kb8 Rb3 69. b7 Kd7 70. Rh1 Kd8 71. Rxh7 Rg3 72. Rg7 Rg1 73. g6 Rg2 74. Rg8+ Kd7 75. g7 1-0

[Event "ITA-ch U20 2019"]
[Site "Padova"]
[Date "2019.12.01"]
[Round "4"]
[White "Carnicelli, Valerio"]
[Black "Loiacono, Antonio"]
[Result "0-1"]
[ECO "B12"]
[WhiteElo "2303"]
[BlackElo "2289"]
[Annotator "ChessBase"]
[PlyCount "64"]
[EventDate "2019.11.28"]
[EventType "tourn"]
[EventCountry "ITA"]
[SourceTitle "playchess.com"]
[Source "ChessBase"]
[SourceQuality "1"]
[TimeControl "40/6600+30:20/3000+30:900+30"]

1. e4 c6 2. d4 d5 3. e5 c5 4. dxc5 e6 5. Qg4 Qc7 6. Nf3 f5 7. exf6 Nxf6 8. Qg3 Qxg3 9. hxg3 Bxc5 10. Bd3 O-O 11. Nbd2 Nc6 12. c4 e5 13. cxd5 Nb4 14. Bb1 e4 15. Ng5 Nd3+ 16. Bxd3 exd3 17. O-O Nxd5 18. Ngf3 Bf5 19. Nb3 Bb6 20. Bd2 Bg4 21. Ne5 Be2 22. Nd7 Bxf1 23. Nxf8 Bxf2+ 24. Kxf2 Rxf8+ 25. Kg1 Be2 26. Rc1 h6 27. Nc5 b6 28. Ne6 Rb8 29. a3 Bg4 30. Nf4 Nf6 31. Re1 Rc8 32. Rc1 Ne4 0-1

[Event "ITA-ch U20 2019"]
[Site "Padova"]
[Date "2019.12.01"]
[Round "4"]
[White "Lumachi, Gabriele"]
[Black "Palozza, Christian"]
[Result "1-0"]
[ECO "E06"]
[WhiteElo "2224"]
[BlackElo "2187"]
[Annotator "ChessBase"]
[PlyCount "163"]
[EventDate "2019.11.28"]
[EventType "tourn"]
[EventCountry "ITA"]
[SourceTitle "playchess.com"]
[Source "ChessBase"]
[SourceQuality "1"]
[TimeControl "40/6600+30:20/3000+30:900+30"]

1. d4 e6 2. Nf3 Nf6 3. c4 d5 4. g3 Be7 5. Bg2 O-O 6. Nc3 dxc4 7. Ne5 Nc6 8. Bxc6 bxc6 9. Nxc6 Qe8 10. Nxe7+ Qxe7 11. Qa4 c5 12. dxc5 Qxc5 13. Be3 Qc7 14. f3 Rb8 15. O-O-O a5 16. Qc2 Bb7 17. Rd2 Qc6 18. Bd4 Nd5 19. Nxd5 exd5 20. Qc3 f6 21. g4 Bc8 22. Qxa5 Be6 23. Qc5 Qa4 24. Qa3 Qb5 25. Qd6 Bf7 26. Kd1 Qa5 27. Ke1 Rfe8 28. Qf4 Qxa2 29. Kf2 Qa6 30. g5 fxg5 31. Qxg5 Qg6 32. Qf4 Qe6 33. Rg1 Bg6 34. h4 Rb7 35. Qg5 Qf5 36. h5 Qxg5 37. Rxg5 Bb1 38. Rxd5 h6 39. Rc5 Ba2 40. Bc3 Rf8 41. Rd6 Kh7 42. Rdc6 Rbf7 43. Rc7 Kg8 44. Rxf7 Rxf7 45. e4 Bb3 46. Rd5 Ba4 47. Ke3 Rd7 48. Rf5 Bd1 49. e5 Rf7 50. Rf4 Rxf4 51. Kxf4 Kf7 52. e6+ Kxe6 53. Bxg7 Bc2 54. Bxh6 Kd5 55. Bg7 Bb1 56. Kg5 Ke6 57. Bc3 Bc2 58. Kf4 Kd5 59. Be1 Bb1 60. Bh4 Bc2 61. Ke3 Bd1 62. h6 Bc2 63. Kd2 Bh7 64. Bf2 Bb1 65. Kc3 Bh7 66. Be3 Bb1 67. Kb4 Bd3 68. Ka5 Kc6 69. Kb4 Kd5 70. Bf2 Kc6 71. h7 Bxh7 72. Kxc4 Bg8+ 73. Kd4 Bb3 74. Ke5 Kd7 75. Bc5 Bd1 76. f4 Bb3 77. Kf6 Ke8 78. Kg7 Kd7 79. f5 Ke8 80. f6 Bc4 81. b4 Bd5 82. b5 1-0

[Event "ITA-ch U20 2019"]
[Site "Padova"]
[Date "2019.12.01"]
[Round "4"]
[White "Bin-Suhayl, Ieysaa"]
[Black "Simonetto, Andrea"]
[Result "1-0"]
[ECO "A06"]
[WhiteElo "2187"]
[BlackElo "2185"]
[Annotator "ChessBase"]
[PlyCount "137"]
[EventDate "2019.11.28"]
[EventType "tourn"]
[EventCountry "ITA"]
[SourceTitle "playchess.com"]
[Source "ChessBase"]
[SourceQuality "1"]
[TimeControl "40/6600+30:20/3000+30:900+30"]

1. Nf3 d5 2. g3 Nf6 3. Bg2 e6 4. O-O c5 5. c4 dxc4 6. Na3 Nc6 7. Nxc4 Be7 8. b3 O-O 9. Bb2 Qc7 10. Nfe5 Bd7 11. a4 Rfd8 12. e3 Be8 13. f4 b6 14. g4 Nd5 15. g5 Nxe5 16. Bxe5 Qc8 17. Be4 g6 18. Qe1 Bc6 19. Qh4 Nb4 20. Bf6 Rd7 21. Bxc6 Nxc6 22. Rf3 Bxf6 23. gxf6 Rd5 24. Rh3 Rh5 25. Qg4 Rxh3 26. Qxh3 Qd8 27. Qh4 Nb4 28. Ne5 Nd5 29. Rc1 Qxf6 30. Qxf6 Nxf6 31. Kf2 Nd5 32. Ke2 f6 33. Nf3 Rd8 34. d3 Kf7 35. Rc4 Rd7 36. d4 cxd4 37. Nxd4 h6 38. h4 Rc7 39. Rxc7+ Nxc7 40. e4 a6 41. Ke3 e5 42. fxe5 fxe5 43. Nc6 Kf6 44. b4 Ke6 45. Nd8+ Ke7 46. Nc6+ Kd6 47. Nd8 Ke7 48. Nc6+ Kf6 49. Nb8 Ke6 50. Nc6 Kd6 51. Nd8 h5 52. Kd3 Kd7 53. Nf7 Ke6 54. Nd8+ Kf6 55. Nc6 Ne6 56. Nb8 Nf4+ 57. Ke3 g5 58. Nxa6 gxh4 59. Kf3 Nd3 60. Nb8 Ke6 61. a5 Nxb4 62. axb6 Ke7 63. b7 Kd6 64. Nd7 Na6 65. b8=Q+ Nxb8 66. Nxb8 Kc7 67. Na6+ Kb6 68. Nb4 Kc5 69. Nd5 1-0

[Event "ITA-ch U20 2019"]
[Site "Padova"]
[Date "2019.12.03"]
[Round "5"]
[White "Loiacono, Antonio"]
[Black "Lumachi, Gabriele"]
[Result "1/2-1/2"]
[ECO "C48"]
[WhiteElo "2289"]
[BlackElo "2224"]
[Annotator "ChessBase"]
[PlyCount "29"]
[EventDate "2019.11.28"]
[EventType "tourn"]
[EventCountry "ITA"]
[SourceTitle "playchess.com"]
[Source "ChessBase"]
[SourceQuality "1"]
[TimeControl "40/6600+30:20/3000+30:900+30"]

1. e4 e5 2. Nf3 Nc6 3. Nc3 Nf6 4. Bb5 Nd4 5. Bc4 Bc5 6. d3 c6 7. Nxd4 Bxd4 8. Qf3 d6 9. h3 b5 10. Bb3 a5 11. a4 Be6 12. Bxe6 fxe6 13. Nd1 O-O 14. O-O Qe8 15. Qe2 1/2-1/2

[Event "ITA-ch U20 2019"]
[Site "Padova"]
[Date "2019.12.03"]
[Round "5"]
[White "Palozza, Christian"]
[Black "Bin-Suhayl, Ieysaa"]
[Result "1-0"]
[ECO "A57"]
[WhiteElo "2187"]
[BlackElo "2187"]
[Annotator "ChessBase"]
[PlyCount "67"]
[EventDate "2019.11.28"]
[EventType "tourn"]
[EventCountry "ITA"]
[SourceTitle "playchess.com"]
[Source "ChessBase"]
[SourceQuality "1"]
[TimeControl "40/6600+30:20/3000+30:900+30"]

1. d4 Nf6 2. c4 c5 3. d5 b5 4. cxb5 a6 5. e3 axb5 6. Bxb5 Qa5+ 7. Nc3 Bb7 8. Bd2 Qb6 9. a4 Nxd5 10. Nf3 e6 11. O-O Be7 12. e4 Nxc3 13. Bxc3 Bxe4 14. Nd2 Bd5 15. Qg4 Bf6 16. Bxf6 gxf6 17. Qg7 Rf8 18. Rfe1 Nc6 19. Bc4 Ne7 20. Qxf6 Bc6 21. Bb5 d5 22. Nf3 Bxb5 23. axb5 Rb8 24. Ng5 Qxb5 25. Nxh7 Rg8 26. Qe5 Rg6 27. Nf6+ Rxf6 28. Qxf6 Qxb2 29. Qf4 Qb6 30. h4 Ng6 31. Qg3 Qb3 32. Re3 Qb2 33. Rae1 Qf6 34. Qxb8+ 1-0

[Event "ITA-ch U20 2019"]
[Site "Padova"]
[Date "2019.12.04"]
[Round "6"]
[White "Carnicelli, Valerio"]
[Black "Simonetto, Andrea"]
[Result "1-0"]
[ECO "B12"]
[WhiteElo "2303"]
[BlackElo "2185"]
[Annotator "NA"]
[PlyCount "129"]
[EventDate "2019.11.28"]
[EventType "tourn"]
[EventCountry "ITA"]
[SourceTitle "playchess.com"]
[Source "ChessBase"]
[SourceQuality "1"]
[TimeControl "40/6600+30:20/3000+30:900+30"]

1. e4 c6 2. d4 d5 3. e5 Bf5 4. Nc3 e6 5. g4 Bg6 $1 6. Nge2 h5 7. Nf4 Ne7 8. Nxg6 Nxg6 9. gxh5 Nh4 10. Qg4 Nd7 ({Black should try} 10... c5 $14) 11. Be3 c5 12. dxc5 g6 $2 (12... a6 $1 $14) 13. O-O-O $18 Rxh5 14. Bb5 a6 15. Ba4 Nf5 16. Nxd5 exd5 17. Rxd5 Rh4 18. Qg2 Rxa4 19. e6 Nxe3 20. exd7+ Qxd7 21. fxe3 Qe6 22. Rhd1 Rc8 23. Qd2 Be7 24. Qc3 Re4 25. R1d3 Rxe3 26. Rxe3 Qxd5 27. Qh8+ Kd7 28. Rxe7+ Kxe7 29. Qxc8 Qh1+ 30. Kd2 Qxh2+ 31. Kd3 Qg3+ 32. Kc4 Qf4+ 33. Kb3 Qe4 34. c4 Qd3+ 35. Kb4 Qd7 36. Qh8 Qd2+ 37. Kb3 Qe3+ 38. Kb4 g5 39. Qb8 Qe4 40. Qd6+ Ke8 41. Ka5 g4 42. b4 Qe7 43. Kb6 Qxd6+ 44. cxd6 Kd7 45. c5 g3 46. Kxb7 g2 47. c6+ Kxd6 48. c7 g1=Q 49. c8=Q Qg2+ 50. Ka7 Qf2+ 51. Kxa6 Qxa2+ 52. Kb6 Ke5 53. Qc7+ Ke4 54. Qe7+ Kd4 55. Qf6+ Kd3 56. b5 Qd5 57. Kc7 Qc5+ 58. Qc6 Qa7+ 59. Kc8 f5 60. b6 Qa6+ 61. Kc7 Qa5 62. Kc8 Qa6+ 63. Kd7 Ke2 64. b7 Qa7 65. Kc8 1-0

[Event "ITA-ch U20 2019"]
[Site "Padova"]
[Date "2019.12.04"]
[Round "6"]
[White "Lumachi, Gabriele"]
[Black "Loiacono, Leonardo"]
[Result "1/2-1/2"]
[ECO "C60"]
[WhiteElo "2224"]
[BlackElo "2297"]
[Annotator "NA"]
[PlyCount "77"]
[EventDate "2019.11.28"]
[EventType "tourn"]
[EventCountry "ITA"]
[SourceTitle "playchess.com"]
[Source "ChessBase"]
[SourceQuality "1"]
[TimeControl "40/6600+30:20/3000+30:900+30"]

1. e4 e5 2. Nf3 Nc6 3. Bb5 g6 4. c3 a6 5. Bxc6 dxc6 $14 6. d4 exd4 7. cxd4 Bg4 8. Qb3 Bxf3 9. gxf3 Bg7 10. Nc3 Ne7 11. Bg5 h6 12. Be3 Bxd4 13. O-O-O c5 14. Qxb7 O-O 15. Bxh6 Re8 16. Bf4 Qd7 17. Qxc7 Qe6 18. Rd2 Rad8 19. Qa5 Nc6 20. Qa3 Bxc3 21. Qxc3 Qxa2 22. Qa3 Qxa3 23. bxa3 Nd4 24. Kb2 Nxf3 25. Rxd8 Rxd8 26. Rc1 Rc8 27. Rc3 Nd4 28. Be5 Ne6 29. Rh3 Ng7 30. f4 Nh5 31. Rb3 Kf8 32. f5 Rc6 33. Rb8+ Ke7 34. Rb7+ Ke8 35. Rb8+ Ke7 36. Rb7+ Ke8 37. h4 Nf6 38. fxg6 fxg6 39. Bxf6 1/2-1/2

[Event "ITA-ch U20 2019"]
[Site "Padova"]
[Date "2019.12.04"]
[Round "6"]
[White "Bin-Suhayl, Ieysaa"]
[Black "Seresin, Francesco"]
[Result "1/2-1/2"]
[ECO "D30"]
[WhiteElo "2187"]
[BlackElo "2367"]
[Annotator "NA"]
[PlyCount "64"]
[EventDate "2019.11.28"]
[EventType "tourn"]
[EventCountry "ITA"]
[SourceTitle "playchess.com"]
[Source "ChessBase"]
[SourceQuality "1"]
[TimeControl "40/6600+30:20/3000+30:900+30"]

1. d4 d5 2. c4 e6 3. Nf3 a6 4. e3 Nf6 5. Nbd2 Be7 6. Bd3 O-O 7. O-O b6 8. b3 Bb7 9. Bb2 Nbd7 $11 10. Qc2 h6 11. e4 dxe4 12. Nxe4 c5 13. Rad1 Qc7 14. dxc5 bxc5 15. Rfe1 Rad8 16. Nxf6+ Nxf6 17. Ne5 Rd6 18. Bc3 Rfd8 19. Qe2 Ne4 20. Bxe4 Rxd1 21. Rxd1 Rxd1+ 22. Qxd1 Bxe4 23. Qe2 Bb7 24. Nd3 Qc6 25. f3 Bc8 26. Bd2 f6 27. Be3 e5 28. Qf2 e4 29. Nxc5 exf3 30. Qxf3 Qxf3 31. gxf3 Bxc5 32. Bxc5 Bf5 1/2-1/2

[Event "ITA-ch U20 2019"]
[Site "Padova"]
[Date "2019.12.05"]
[Round "7"]
[White "Seresin, Francesco"]
[Black "Carnicelli, Valerio"]
[Result "1-0"]
[ECO "E63"]
[WhiteElo "2367"]
[BlackElo "2303"]
[Annotator "NA"]
[PlyCount "45"]
[EventDate "2019.11.28"]
[EventType "tourn"]
[EventCountry "ITA"]
[SourceTitle "playchess.com"]
[Source "ChessBase"]
[SourceQuality "1"]
[TimeControl "40/6600+30:20/3000+30:900+30"]

1. d4 Nf6 2. c4 g6 3. Nf3 Bg7 4. g3 O-O 5. Bg2 d6 6. Nc3 Nc6 7. O-O a6 8. d5 Na5 9. b3 Rb8 10. Bb2 b5 11. cxb5 axb5 12. Re1 b4 13. Nb1 Nb7 14. Nd4 Bd7 15. Nd2 Nc5 16. Qc2 Qe8 17. e4 Ng4 18. h3 $14 Ne5 19. Bf1 g5 20. Nf5 Bxf5 21. exf5 Ned3 22. f6 Nxe1 23. Rxe1 1-0

[Event "ITA-ch U20 2019"]
[Site "Padova"]
[Date "2019.12.05"]
[Round "7"]
[White "Loiacono, Leonardo"]
[Black "Palozza, Christian"]
[Result "1-0"]
[ECO "E32"]
[WhiteElo "2297"]
[BlackElo "2187"]
[Annotator "NA"]
[PlyCount "139"]
[EventDate "2019.11.28"]
[EventType "tourn"]
[EventCountry "ITA"]
[SourceTitle "playchess.com"]
[Source "ChessBase"]
[SourceQuality "1"]
[TimeControl "40/6600+30:20/3000+30:900+30"]

1. d4 e6 2. c4 Nf6 3. Nc3 Bb4 4. Qc2 d6 5. Nf3 Nbd7 6. g3 b6 7. Bg2 Bb7 8. O-O Bxc3 9. Qxc3 O-O 10. b3 Be4 11. Bb2 {E32: Nimzo-Indian: Classical (4 Qc2): 4...0-0} c6 $146 ({Predecessor:} 11... Qe7 12. Bh3 c5 13. Nd2 Bb7 14. f3 d5 15. Rfd1 Rfe8 16. Nf1 e5 17. dxe5 d4 18. exf6 Qxe2 {½-½ (83) Zoler,D (2513)-Saraci,N (2391) Skopje 2019}) 12. Ba3 Qb8 13. Bh3 Rc8 14. Nd2 Bg6 15. Bg2 d5 16. Bb2 b5 17. a4 bxc4 18. bxc4 a5 19. Qa3 $11 Ra7 20. Bc3 Nb6 21. Rfc1 dxc4 22. Qa2 Nfd5 23. Nxc4 Nxc4 24. Qxc4 Nb6 25. Qb3 Nd5 26. Qxb8 Rxb8 27. Be1 Nb4 28. e3 h6 29. Bxc6 Nxc6 30. Rxc6 Be4 31. Rc5 Rab7 32. Rcc1 Rb1 33. Bxa5 Rxc1+ 34. Rxc1 Ra8 35. Rc5 Bf3 36. Kf1 Bd1 37. Kg2 Bxa4 38. e4 Ra7 39. g4 Rd7 40. Bc3 Bd1 41. Kg3 Bc2 42. f3 Bd1 43. h4 Ra7 44. d5 exd5 45. exd5 Rd7 46. Bb4 Bb3 47. Rc8+ Kh7 48. d6 f6 49. Rb8 Bd5 50. Kf2 Kg6 51. Ke3 Be6 52. Kd4 h5 53. gxh5+ Kxh5 54. Re8 Bh3 55. Rh8+ Kg6 56. Kc5 Be6 57. Kc6 Bh3 58. Bc5 Kf7 59. Bb6 Bf5 60. h5 Be6 61. h6 gxh6 62. Rh7+ Ke8 63. Rxh6 Kf7 64. Bd4 Ke8 65. Bxf6 Bf5 66. Bd4 Bh7 67. Re6+ Kf8 68. Kxd7 Bf5 69. Kc7 Bxe6 70. d7 1-0

[Event "ITA-ch U20 2019"]
[Site "Padova"]
[Date "2019.12.05"]
[Round "7"]
[White "Loiacono, Antonio"]
[Black "Bin-Suhayl, Ieysaa"]
[Result "1/2-1/2"]
[ECO "A35"]
[WhiteElo "2289"]
[BlackElo "2187"]
[Annotator "NA"]
[PlyCount "96"]
[EventDate "2019.11.28"]
[EventType "tourn"]
[EventCountry "ITA"]
[SourceTitle "playchess.com"]
[Source "ChessBase"]
[SourceQuality "1"]
[TimeControl "40/6600+30:20/3000+30:900+30"]

1. Nf3 Nf6 2. c4 c5 3. Nc3 Nc6 4. d4 cxd4 5. Nxd4 d5 6. cxd5 Nxd5 {A31: Symmetrical English: 2 Nf3 Nf6 3 d4} 7. Nxc6 bxc6 8. e4 (8. Bd2 e5 9. g3 Be6 10. Qa4 Qd7 11. Bg2 Rb8 12. O-O Rxb2 13. Rfd1 Bb4 14. Bc1 Nxc3 15. Rxd7 Nxa4 16. Rxa7 Rxe2 17. Bxc6+ {1-0 (27) Grandelius,N (2644)-Yuffa,D (2515) Lund 2017}) 8... Nxc3 9. Qxd8+ Kxd8 10. bxc3 e5 11. Bc4 Bc5 12. f4 $146 ({Predecessor:} 12. Ke2 Rb8 13. Rd1+ Ke7 14. Be3 Bxe3 15. Kxe3 f6 16. Rab1 Rxb1 17. Rxb1 Kd6 18. Rb4 {½-½ (18) Popilski,G (2518)-Porat,I (2424) Israel 2012}) 12... exf4 13. Bxf4 Ke7 14. Rb1 Bb6 15. a4 Be6 16. Bxe6 Kxe6 17. Ke2 Rhd8 18. Rhd1 $11 Rxd1 19. Kxd1 Rd8+ 20. Kc2 Rd7 21. Kb3 h5 22. Kc4 f5 23. exf5+ Kxf5 24. Rf1 g5 25. Bc1+ Kg6 26. Re1 Rf7 27. h3 Rf2 28. g4 hxg4 29. hxg4 Kf6 30. Re8 Rg2 31. Re4 Rf2 32. Kb3 Rf1 33. Kc2 Rf2+ 34. Bd2 Bc7 35. Kd3 Bf4 36. Bxf4 Rxf4 37. Ke3 Rxe4+ 38. Kxe4 Ke6 39. Kd4 Kd6 40. Ke4 Ke6 41. Kd4 Kd6 42. a5 a6 43. Kc4 c5 44. Kd3 Ke5 45. Ke3 Kd5 46. Kd3 c4+ 47. Ke3 Ke5 48. Kf3 Kd5 1/2-1/2

[Event "ITA-ch U20 2019"]
[Site "Padova"]
[Date "2019.12.05"]
[Round "7"]
[White "Simonetto, Andrea"]
[Black "Lumachi, Gabriele"]
[Result "0-1"]
[ECO "D21"]
[WhiteElo "2185"]
[BlackElo "2224"]
[Annotator "NA"]
[PlyCount "40"]
[EventDate "2019.11.28"]
[EventType "tourn"]
[EventCountry "ITA"]
[SourceTitle "playchess.com"]
[Source "ChessBase"]
[SourceQuality "1"]
[TimeControl "40/6600+30:20/3000+30:900+30"]

1. d4 d5 2. c4 dxc4 3. Nf3 a6 4. e4 b5 5. b3 cxb3 6. axb3 Bb7 7. Qc2 e6 8. Ba3 Bxa3 9. Rxa3 Nc6 10. Qb2 Nf6 11. Nbd2 Nb4 12. e5 Nfd5 13. g3 Qe7 14. Ra1 O-O 15. Rc1 Rac8 16. Rc5 Nb6 17. Qc1 Nd7 18. Rxc7 Nxe5 19. Rxe7 Rxc1+ 20. Ke2 Nxf3 0-1

[Event "ITA-ch U20 2019"]
[Site "Padova"]
[Date "2019.12.05"]
[Round "8"]
[White "Loiacono, Leonardo"]
[Black "Loiacono, Antonio"]
[Result "1-0"]
[ECO "D43"]
[WhiteElo "2297"]
[BlackElo "2289"]
[Annotator "NA"]
[PlyCount "89"]
[EventDate "2019.11.28"]
[EventType "tourn"]
[EventCountry "ITA"]
[SourceTitle "playchess.com"]
[Source "ChessBase"]
[SourceQuality "1"]
[TimeControl "40/6600+30:20/3000+30:900+30"]

1. d4 d5 2. c4 c6 3. Nc3 Nf6 4. Nf3 e6 5. g3 dxc4 6. Bg2 Nbd7 7. O-O Be7 8. e4 b5 9. d5 b4 10. dxc6 bxc3 11. cxd7+ Qxd7 12. bxc3 Bb7 13. Qxd7+ Nxd7 14. Nd4 Nc5 15. e5 Bxg2 16. Kxg2 Nd3 17. f4 Bc5 18. Be3 Kd7 19. Rab1 Bxd4 20. Bxd4 Kc6 21. f5 Rab8 22. fxe6 fxe6 23. Bxa7 Rxb1 24. Rxb1 Ra8 25. Bd4 Rxa2+ 26. Kf3 Kc7 27. h4 Ra8 28. Ke4 Ra2 29. Kf3 Ra8 30. Ke3 Rf8 31. Ra1 Nf2 32. Ra7+ Kc6 33. Rxg7 Nd1+ 34. Kd2 Nb2 35. Rxh7 Kd5 36. Rb7 Nd3 37. Ke3 Rf1 38. Rd7+ Kc6 39. Rd6+ Kb5 40. Rxe6 Re1+ 41. Kd2 Ra1 42. Rb6+ Ka5 43. Rb8 Rh1 44. e6 Re1 45. Re8 1-0